 Dungeon Crawl Stone Soup version 0.31.0-2-g5a2aebc5c2 (webtiles) character file.

Game seed: 1356551307377170169

55 Aviak the Vexing (level 3, 5/28 HPs)
             Began as a Gnoll Hexslinger on Jan 20, 2024.
             Quit the game on level 4 of the Dungeon.
             The game lasted 00:03:41 (1978 turns).

Aviak the Vexing (Gnoll Hexslinger)                 Turns: 1978, Time: 00:03:42

Health: 5/28       AC:  3    Str:  7    XL:     3   Next: 93%
Magic:  7/7        EV: 13    Int: 14    God:
Gold:   112        SH:  0    Dex: 14    Spells: 7/7 levels left

rFire   . . .        a - +1 sling
rCold   . . .        (no shield)
rNeg    . . .        c - +0 robe
rPois   .            (no helmet)
rElec   .            (no cloak)
rCorr   .            (no gloves)
SInv    .            q - +0 pair of boots
Will    .....        (no amulet)
Stlth   ++           (no ring)
HPRegen 0.24/turn    (no ring)
MPRegen 0.10/turn

%: no passive effects
@: no status effects
A: fangs 1, strong nose, distributed training
a: no special abilities


You were on level 4 of the Dungeon.
You visited 1 branch of the dungeon, and saw 4 of its levels.

You collected 112 gold pieces.

Inventory:

Hand Weapons
 a - a +1 sling (weapon)
 t - a +0 trident
Armour
 c - a +0 robe (worn)
 q - a +0 pair of boots (worn)
Magical Staves
 p - a staff of fire {rF+}
Jewellery
 o - an amulet of guardian spirit
 r - an amulet of magic regeneration
 y - an amulet of the acrobat
Talismans
 i - a flux talisman
Scrolls
 b - a scroll of poison
 d - a scroll of revelation {unknown}
 e - 2 scrolls of teleportation {unknown}
 g - a scroll of blinking {unknown}
 h - 3 scrolls of identify {unknown}
 j - a scroll of noise {unknown}
 l - a scroll of fog {unknown}
 n - 3 scrolls of torment {unknown}
 w - a scroll of enchant armour {unknown}
Potions
 f - 2 potions of ambrosia {unknown}
 k - a potion of heal wounds {unknown}
 m - a potion of magic {unknown}
 s - a potion of resistance {unknown}
 u - a potion of might {unknown}
 v - a potion of curing {unknown}
 x - a potion of haste {unknown}


   Skills:
 + Level 2.7 Fighting
 + Level 1.0 Short Blades
 + Level 1.0 Long Blades
 + Level 1.0 Axes
 + Level 1.0 Maces & Flails
 + Level 1.0 Polearms
 + Level 1.0 Staves
 + Level 4.6 Ranged Weapons
 + Level 1.0 Throwing
 + Level 1.0 Armour
 + Level 4.6 Dodging
 + Level 1.0 Stealth
 + Level 1.0 Shields
 + Level 1.0 Unarmed Combat
 + Level 2.9 Spellcasting
 + Level 0.7 Conjurations
 + Level 5.4 Hexes
 + Level 0.7 Summonings
 + Level 0.7 Necromancy
 + Level 0.7 Translocations
 + Level 2.2 Fire Magic
 + Level 0.7 Ice Magic
 + Level 0.7 Air Magic
 + Level 0.7 Earth Magic
 + Level 0.7 Alchemy
 + Level 1.1 Invocations
 + Level 1.0 Evocations
 + Level 0.9 Shapeshifting


You had 7 spell levels left.
You didn't know any spells.
Your spell library contained the following spells:

 Spells                   Type           Power      Damage    Failure   Level
 Jinxbite                 Hex            34%        N/A       3%          2
 Confusing Touch          Hex            17%        N/A       7%          3
 Sigil of Binding         Hex            17%        N/A       7%          3
 Ensorcelled Hibernation  Hex/Ice        20%        N/A       9%          2
 Inner Flame              Hex/Fire       12%        N/A       14%         3
 Kiss of Death            Conj/Necr      16%        2d6       16%         1
 Cause Fear               Hex            8%         N/A       22%         4
 Passwall                 Erth           4%         N/A       43%         3
 Swiftness                Air            4%         N/A       43%         3
 Dimensional Bullseye     Hex/Tloc       5%         N/A       52%         4
 Dispel Undead            Necr           4%         3d7       85%         4
 Fireball                 Conj/Fire      3%         3d4       97%         5
 Chain Lightning          Conj/Air       2%         3d2       100%        9
 Dragon's Call            Summ           2%         N/A       100%        9
 Fire Storm               Conj/Fire      3%         8d1       100%        9
 Shatter                  Erth           2%         3d6*      100%        9


Dungeon Overview and Level Annotations

Branches:
Dungeon (4/15)
 Temple: D:4-7

Altars:
Wu Jian

Shops:
D:1 (!!(   D:2 =*(=

Annotations:
D:4 Eustachio


Innate Abilities, Weirdness & Mutations

You have very sharp teeth.
Your uncanny sense of smell can sniff out nearby items.
Your experience applies equally to all skills.


Message History

The rat is moderately wounded.
The bat misses you. The rat bites you but does no damage.
The bat barely misses you.
You shoot a sling bullet. The sling bullet hits the rat!
You kill the rat!
The rat's corpse disappears in a puff of smoke!
The bat hits you but does no damage. The quokka closely misses you.
The quokka misses you.
You shoot a sling bullet. The sling bullet hits Eustachio.
Eustachio is moderately wounded.
The bat closely misses you.
Eustachio gestures wildly while chanting.
Eustachio blinks!
The quokka bites you.
You shoot a sling bullet. The sling bullet misses the quokka.
The bat closely misses you.
Eustachio gestures wildly while chanting.
Eustachio blinks!
The quokka closely misses you.
You shoot a sling bullet. The sling bullet hits the quokka.
The quokka is almost dead.
The quokka bites you.
Eustachio mumbles some strange words.
The bat barely misses you. The quokka bites you.
You shoot a sling bullet.
The sling bullet barely misses the quokka.
The sling bullet closely misses the bat.
The bat hits you but does no damage. The quokka completely misses you.
The white imp gestures at you. The puff of frost hits you!
* * * LOW HITPOINT WARNING * * *
You are too injured to fight recklessly!
You are too injured to fight recklessly!
You are too injured to fight recklessly!
You are too injured to fight recklessly!
Unknown command.
You are too injured to fight recklessly!
The quokka attacks as it pursues you! The quokka closely misses you.
The bat barely misses you. The quokka bites you.
* * * LOW HITPOINT WARNING * * *
You see here a +0 sling.
Are you sure you want to abandon this character and quit the game? (Confirm with "yes".)

### .... .....
......######
.......b@5@#
.......r##5#
........##.#
#.......##.#
##########.#
#.# #.#
#######.#######
.......<)......


You could see Eustachio, a crimson imp (summoned), a white imp (summoned), a
quokka (summoned) and a bat (summoned).

Vanquished Creatures
  2 dart slugs
  2 orcs
  7 endoplasms
  2 giant cockroaches (D:2)
  3 goblins
  5 hobgoblins
  3 kobolds
  5 quokkas
  6 bats
  3 frilled lizards
  3 rats
41 creatures vanquished.

Notes
Turn   | Place    | Note
-------+----------+-------------------------------------------
     0 | D:1      | Aviak the Gnoll Hexslinger began the quest for the Orb.
     0 | D:1      | Reached XP level 1. HP: 17/17 MP: 4/4
     3 | D:1      | Found Pulanlet's Distillery.
    81 | D:1      | Found Guwikam's Antique Weapon Emporium.
   221 | D:1      | Reached XP level 2. HP: 23/23 MP: 5/5
   337 | D:1      | Found Seclu's Antique Weapon Shoppe.
   343 | D:1      | Found Pebotosu's Distillery.
   611 | D:2      | Found Vufras's Jewellery Boutique.
   631 | D:2      | Found Pietos's Weapon Shoppe.
   639 | D:2      | Reached XP level 3. HP: 28/28 MP: 7/7
   665 | D:2      | Found an ornate altar of the Wu Jian Council.
   935 | D:2      | Reached skill level 1 in Invocations
  1089 | D:2      | Found Xutwuck's Jewellery Shop.
  1110 | D:2      | Found Tiapaulu's Assorted Antiques.
  1469 | D:3      | Reached skill level 1 in Short Blades
  1469 | D:3      | Reached skill level 1 in Long Blades
  1469 | D:3      | Reached skill level 1 in Axes
  1469 | D:3      | Reached skill level 1 in Maces & Flails
  1469 | D:3      | Reached skill level 1 in Polearms
  1469 | D:3      | Reached skill level 1 in Staves
  1469 | D:3      | Reached skill level 1 in Throwing
  1469 | D:3      | Reached skill level 1 in Armour
  1469 | D:3      | Reached skill level 1 in Stealth
  1469 | D:3      | Reached skill level 1 in Shields
  1469 | D:3      | Reached skill level 1 in Unarmed Combat
  1469 | D:3      | Reached skill level 1 in Evocations
  1739 | D:3      | Found a faded altar of an unknown god.
  1956 | D:4      | Noticed Eustachio
  1978 | D:4      | Quit the game

Illustrated notes

Levels and vault maps discovered:
D:1:      ncdulo_lavacross, layout_basic, serial_shops, shop, shop, shop, shop
D:2:      layout_loops_cross, serial_shops, nicolae_shop_rolling_square,
          nicolae_shop_hallway_plus, shop, shop, basic_altar
D:3:      layout_loops_ring, shapermc_ecumenical_altar_mp_ritualfount,
          ebering_dispersal_statue_hall
D:4:      layout_basic, grunt_temple_overflow_cloverleaf,
          mainiacjoe_overflow_boulevard, minmay_temple_entry_tees,
          uniq_eustachio, uniq_pikel

Skill      XL: |  1  2  3 |
---------------+----------+-----
Fire Magic     | 2 |  2.2
Invocations    | 1 |  1.1
Short Blades   | 1 |  1.0
Long Blades    | 1 |  1.0
Axes           | 1 |  1.0
Maces & Flails | 1 |  1.0
Polearms       | 1 |  1.0
Staves         | 1 |  1.0
Throwing       | 1 |  1.0
Armour         | 1 |  1.0
Stealth        | 1 |  1.0
Shields        | 1 |  1.0
Unarmed Combat | 1 |  1.0
Evocations     | 1 |  1.0
Fighting       | |  2.7
Ranged Weapons | |  4.6
Dodging        | |  4.6
Spellcasting   | |  2.9
Conjurations   | |  0.7
Hexes          | |  5.4
Summonings     | |  0.7
Necromancy     | |  0.7
Translocations | |  0.7
Ice Magic      | |  0.7
Air Magic      | |  0.7
Earth Magic    | |  0.7
Alchemy        | |  0.7
Shapeshifting  | |  0.9

Action                     || total
---------------------------++-------
   Fire: Sling             ||   171
 Armour: Robe              ||    37
  Dodge: Dodged            ||    61
